 Dungeon Crawl Stone Soup version 0.26-a0-26-ge22fd8933b (webtiles) character file.

Game seed: 3552350440583316398, levelgen mode: deterministic

1227 Masnef the Firebug (level 8, -5/67 HPs)
             Began as an Ogre Fire Elementalist on May 27, 2020.
             Was a Follower of Vehumet.
             Slain by a slave (9 damage)
             ... led by Pikel
             ... on level 7 of the Dungeon.
             The game lasted 00:21:47 (7519 turns).

Masnef the Firebug (Ogre Fire Elementalist)         Turns: 7519, Time: 00:21:48

Health: -5/67      AC:  8    Str: 13    XL:     8   Next: 48%
Magic:  9/14       EV: 10    Int: 21    God:    Vehumet [*.....]
Gold:   249        SH:  0    Dex:  7    Spells: 4/15 levels left

rFire    . . .     SeeInvis +   z - +6 rapier of Objectivity {elec, +Fly rF- rC+}
rCold    . . .     Gourm    .   (no shield)
rNeg     . . .     Faith    .   D - +1 robe "Hagom" {rElec Int+3 Dex-2 SInv}
rPois    .         Spirit   .   (helmet restricted)
rElec    +         Reflect  .   (no cloak)
rCorr    .         Harm     .   (gloves unavailable)
MR       .....                  (boots unavailable)
Stlth    +.........             w - amulet of magic regeneration
HPRegen  0.21/turn              R - +4 ring of protection
MPRegen  0.39/turn              k - ring of fire

@: very slightly contaminated
A: large, unfitting armour, tough skin 1
a: Renounce Religion, Evoke Flight


You were on level 7 of the Dungeon.
You worshipped Vehumet.
Vehumet was aware of your devotion.
You were not hungry.

You visited 2 branches of the dungeon, and saw 8 of its levels.
You also visited: Ossuary.

You collected 385 gold pieces.
You spent 136 gold pieces at shops.

Inventory:

Hand Weapons
 f - a +0 club
 h - a +0 whip
 u - a +0 whip of flaming
 x - a +0 flail
 y - the +0 war axe "Wamanoemong" {vamp, rElec rN+ Str-3 Dex+3}
   (You found it on level 4 of the Dungeon)

   It inflicts no extra harm, but heals its wielder when it wounds a living foe.
   It affects your strength (-3).
   It affects your dexterity (+3).
   It insulates you from electricity.
   It protects you from negative energy.
 z - the +6 rapier of Objectivity (weapon) {elec, +Fly rF- rC+}
   (You found it on level 4 of the Dungeon)

   Occasionally, upon striking a foe, it will discharge some electrical energy
   and cause terrible harm.
   It makes you vulnerable to fire.
   It protects you from cold.
   It lets you fly.
Missiles
 m - 132 arrows
 B - 2 throwing nets (quivered)
Armour
 a - a +0 robe
 D - the +1 robe "Hagom" (worn) {rElec Int+3 Dex-2 SInv}
   (You bought it in a shop on level 4 of the Dungeon)

   It affects your intelligence (+3).
   It affects your dexterity (-2).
   It insulates you from electricity.
   It lets you see invisible.
Jewellery
 k - a ring of fire (right hand)
 o - an uncursed ring of magical power
 p - an uncursed ring of protection from cold
 t - an uncursed ring of magical power
 w - an amulet of magic regeneration (around neck)
 F - an uncursed amulet of reflection
 M - a +4 ring of evasion
 R - a +4 ring of protection (left hand)
Wands
 A - a wand of acid (6)
 I - a wand of iceblast (6)
Scrolls
 b - 2 scrolls of blinking {unknown}
 j - a scroll of identify
 l - 3 scrolls of teleportation {unknown}
 n - a scroll of enchant armour {unknown}
 q - 3 scrolls of noise {unknown}
 r - 4 scrolls of magic mapping {unknown}
 G - a scroll of enchant weapon {unknown}
 K - a scroll of amnesia {unknown}
 L - 2 scrolls of fog {unknown}
 N - 4 scrolls of immolation {unknown}
 Q - a scroll of random uselessness {unknown}
Potions
 d - 5 potions of mutation
 e - 3 potions of flight
 g - a potion of resistance
 i - 4 potions of degeneration
 s - 5 potions of heal wounds
 v - 6 potions of curing
 C - 2 potions of brilliance
 E - 5 potions of lignification
 H - a potion of magic
 J - a potion of berserk rage {unknown}
 O - a potion of might {unknown}
 P - a potion of ambrosia {unknown}
Comestibles
 c - 12 rations


   Skills:
 * Level 2.5 Short Blades
 + Level 1.5 Maces & Flails
 * Level 2.1 Dodging
 - Level 1.4 Stealth
 * Level 4.0 Spellcasting
 + Level 4.4 Conjurations
 + Level 7.0 Fire Magic


You had 4 spell levels left.
You knew the following spells:

 Your Spells              Type           Power        Failure   Level  Hunger
a - Foxfire               Conj/Fire      ####         1%          1    None
b - Conjure Flame         Conj/Fire      #####...     3%          3    ###....
c - Inner Flame           Hex/Fire       ####....     9%          3    ###....
d - Sticky Flame          Conj/Fire      #####...     12%         4    ####...

Your spell library contained the following spells:

 Spells                   Type           Power        Failure   Level  Hunger
 Sandblast                Erth           #.....       12%         1    None
 Ice Form                 Ice/Tmut       #.......     75%         4    ####...
 Fireball                 Conj/Fire      #####.....   32%         5    ######.
 Metabolic Englaciation   Hex/Ice        #.........   97%         5    ######.
 Freezing Cloud           Conj/Ice/Air   ##........   100%        6    #######
 Ozocubu's Refrigeration  Ice            #.........   100%        6    #######
 Simulacrum               Ice/Necr       #.........   100%        6    #######


Dungeon Overview and Level Annotations

Branches:
Dungeon (7/15)             Temple (1/1) D:4         Ossuary (visited)

Altars:
Ashenzari
Cheibriados
Dithmenos
Elyvilon
Fedhas
Hepliaklqana
Makhleb
Okawaru
Ru
Trog
Uskayaw
Vehumet
Xom
Yredelemnul
Zin

Shops:
D:4 [

Annotations:
D:7 Pikel


Innate Abilities, Weirdness & Mutations

You are too large for most types of armour.
You have tough skin. (AC +1)


Message History

Pikel is almost dead.
The foxfire hits Pikel.
Pikel is almost dead.
Pikel hits you but does no damage.
You closely miss Pikel.
Pikel is almost dead.
Pikel hits you with a +1 whip of freezing.
Pikel freezes you.
* * * LOW HITPOINT WARNING * * *
Unknown command.
Casting: Foxfire (safe; 1% risk of failure)
Confirm with . or Enter, or press ? or * to list all spells.
You feel a surge of power!
You conjure some foxfire!
The slave hits you.
* * * LOW HITPOINT WARNING * * *
Pikel hits you with a +1 whip of freezing!
* * * LOW HITPOINT WARNING * * *
Pikel freezes you.
* * * LOW HITPOINT WARNING * * *
The slave hits you!
You die...

##.......# #..#
##...###○§
###.#####.##
#..###......§§§
##..## ##(##
#..##..#...○§§§
###...# #..#
#..#........§§p
#.....#
##.####.[..........§.
......#
#..##...............
..##..#
#..##...............
...#..#
##vv#...##..........
.....†###
#.@K..#####........
#.......# #..pp..#
##.......
##...#.....# #......#
...#....
#..#####..........##
.#####.. ##..#
##........ ### ...##
###....... # ...#
###..#### ##..# #.##
#..# #


You could see Pikel and 2 slaves.

Vanquished Creatures
  Menkaure (D:6)
  An ice beast (D:5)
  An ogre (D:6)
  A big kobold (D:7)
  3 scorpions
  A crimson imp (D:5)
  A bullfrog zombie (D:5)
  A hound (D:5)
  A jelly (D:7)
  A bullfrog skeleton (D:5)
  A human zombie (Ossuary)
  A centaur skeleton (D:5)
  2 iguanas
  2 worker ants
  3 orc wizards (D:6)
  2 big kobold zombies (Ossuary)
  3 mummies (Ossuary)
  7 adders
  7 gnolls
  A shadow imp (D:5)
  3 oozes
  2 worms (D:3)
  3 dart slugs
  5 leopard geckos
  4 orcs
  3 ball pythons
  6 bats
  4 giant cockroaches
  5 goblins
  5 hobgoblins
  9 jackals
  4 kobolds
  3 quokkas
  6 frilled lizards
  2 goblin zombies (Ossuary)
  A hobgoblin zombie (Ossuary)
  A kobold zombie (Ossuary)
  A leopard gecko zombie (D:5)
  An orc zombie (Ossuary)
  A quokka skeleton (D:4)
  17 rats
127 creatures vanquished.

Vanquished Creatures (others)
  A slave (D:7)
  290 foxfires
291 creatures vanquished.

Grand Total: 418 creatures vanquished

Notes
Turn   | Place    | Note
-------+----------+-------------------------------------------
     0 | D:1      | Masnef the Ogre Fire Elementalist began the quest for the
                  | Orb.
     0 | D:1      | Reached XP level 1. HP: 16/16 MP: 3/3
   135 | D:1      | Reached skill level 3 in Fire Magic
   222 | D:1      | Reached XP level 2. HP: 15/24 MP: 1/5
   530 | D:1      | Reached XP level 3. HP: 24/31 MP: 3/6
   706 | D:1      | Learned a level 3 spell: Conjure Flame
  1496 | D:2      | Reached skill level 4 in Fire Magic
  1505 | D:2      | Reached skill level 1 in Conjurations
  1515 | D:2      | Reached XP level 4. HP: 23/39 MP: 2/7
  2493 | D:3      | Found a shattered altar of Ashenzari.
  2601 | D:3      | Learned a level 3 spell: Inner Flame
  2664 | D:3      | Found a glowing silver altar of Zin.
  2688 | D:3      | Found a hazy altar of Hepliaklqana.
  2689 | D:3      | Found a shadowy altar of Dithmenos.
  2689 | D:3      | Noticed a shadow
  3507 | D:3      | Found a hide-covered altar of Uskayaw.
  3722 | D:4      | Reached XP level 5. HP: 45/45 MP: 8/8
  3746 | D:4      | Found a staircase to the Ecumenical Temple.
  3751 | D:4      | Got an ancient war axe
  3752 | D:4      | Identified the cursed +0 war axe "Wamanoemong" {vamp, rElec
                  | rN+ Str-3 Dex+3} (You found it on level 4 of the Dungeon)
  3761 | Temple   | Entered the Ecumenical Temple
  3985 | D:4      | Got an encrusted rapier
  4015 | D:4      | Reached skill level 5 in Fire Magic
  4038 | D:4      | Reached skill level 1 in Maces & Flails
  4273 | D:4      | Reached XP level 6. HP: 53/53 MP: 9/9
  4289 | D:4      | Found Ebaphos's Antique Armour Shop.
  4292 | D:4      | Bought a shadowed robe for 136 gold pieces
  4302 | D:4      | Identified the cursed +1 robe "Hagom" {rElec Int+3 Dex-2
                  | SInv} (You bought it in a shop on level 4 of the Dungeon)
  4797 | D:5      | Entered Level 5 of the Dungeon
  5005 | D:5      | Noticed an ice beast
  5023 | D:5      | Killed an ice beast
  5489 | D:5      | Found a radiant altar of Vehumet.
  5493 | D:5      | Became a worshipper of Vehumet
  5543 | D:5      | Reached skill level 6 in Fire Magic
  5543 | D:5      | Reached XP level 7. HP: 56/59 MP: 11/11
  5863 | D:5      | Learned a level 4 spell: Sticky Flame
  6462 | D:6      | Identified the +6 rapier of Objectivity {elec, +Fly rF-
                  | rC+} (You found it on level 4 of the Dungeon)
  6609 | D:6      | Found a sand-covered staircase.
  6618 | Ossuary  | Entered an ossuary
  6674 | Ossuary  | Reached XP level 8. HP: 61/67 MP: 13/13
  6782 | Ossuary  | Reached skill level 1 in Short Blades
  6881 | Ossuary  | Reached * piety under Vehumet
  6881 | Ossuary  | Offered knowledge of Sandblast by Vehumet.
  7060 | D:6      | Noticed Menkaure
  7064 | D:6      | Killed Menkaure
  7459 | D:7      | Reached skill level 7 in Fire Magic
  7471 | D:7      | Noticed Pikel
  7519 | D:7      | Slain by a slave

Illustrated notes

Levels and vault maps discovered:
D:1:      sevenhm_arrival_forest_fort_large_1, layout_basic,
          minmay_misc_feat_roman
D:2:      layout_rooms, first_ration
D:3:      layout_loops_ring, riverfiend_overflow_shadow_ancestor,
          zin_scriptorium, lemuel_coloured_pillars_altar,
          cheibrodos_ashenzari_chains
D:4:      layout_gridville, minmay_temple_entry_overgrown, serial_shops, shop
D:5:      layout_loops_ring, vehumet_crystals, minmay_misc_feat_alley
D:6:      layout_rooms, chequers_ossuary_entry_cave, uniq_menkaure
D:7:      cheibrodos_barr_body, layout_layer_cave, minmay_fountain_box,
          uniq_pikel
Temple:   dpeg_chambers_temple

Skill      XL: |  1  2  3  4  5  6  7  8 |
---------------+-------------------------+-----
Fire Magic     | 3 4 5 6 7 |  7.0
Conjurations   | 1 2 4 |  4.4
Maces & Flails | 1 |  1.5
Spellcasting   | 3 4 |  4.0
Short Blades   | 2 |  2.5
Dodging        | 2 |  2.1
Stealth        | |  1.4

Action                   |  1- 3 |  4- 6 |  7- 9 || total
-------------------------+-------+-------+-------++-------
Melee: Unarmed           |     6 |       |       ||     6
       Club              |    15 |       |       ||    15
       Whip              |    30 |    71 |       ||   101
       War axe           |       |    58 |    63 ||   121
       Rapier            |       |       |    44 ||    44
 Cast: Foxfire           |    31 |    59 |    85 ||   175
       Sticky Flame      |       |       |     1 ||     1
  Use: Scroll            |       |     4 |     9 ||    13
 Stab: Sleeping          |     1 |       |     2 ||     3
       Distracted        |       |       |     1 ||     1
  Eat: Chunk             |     2 |    13 |     4 ||    19
       Ration            |       |       |     1 ||     1
Armor: Robe              |    15 |    45 |    35 ||    95
Dodge: Dodged            |    24 |   117 |    67 ||   208

Table legend:
 A = Non-vault XP
 B = Vault XP
 C = Vault XP percentage of total XP
 D = Non-vault monster count
 E = Vault monster count
 F = Vault count percentage of total count
                 A         B        C        D         E       F
            +---------+---------+-------+---------+---------+-------
      Total |    1429 |     325 |  18.5 |     112 |      15 |  11.8
            +---------+---------+-------+---------+---------+-------
        D:1 |      45 |       3 |   6.2 |      23 |       3 |  11.5
        D:2 |      79 |       0 |   0.0 |      21 |       0 |   0.0
        D:3 |      37 |       0 |   0.0 |      11 |       0 |   0.0
        D:4 |     173 |       0 |   0.0 |      17 |       0 |   0.0
        D:5 |     539 |       0 |   0.0 |      24 |       0 |   0.0
        D:6 |     311 |     172 |  35.6 |       9 |       1 |  10.0
        D:7 |     245 |       0 |   0.0 |       7 |       0 |   0.0
    Ossuary |       0 |     150 | 100.0 |       0 |      11 | 100.0
            +---------+---------+-------+---------+---------+-------
